 Dungeon Crawl Stone Soup version 0.28-b1-25-g9875b3fc8c (webtiles) character file.

Game seed: 9569249612688304096

60 zeram the Poker (level 4, -6/37 HPs)
             Began as a Merfolk Fighter on Feb 2, 2022.
             Mangled by a gnoll (9 damage)
             ... on level 2 of the Dungeon.
             The game lasted 00:01:29 (1495 turns).

zeram the Poker (Merfolk Fighter)                   Turns: 1495, Time: 00:01:31

Health: -6/37      AC:  8    Str: 18    XL:     4   Next: 4%
Magic:  4/4        EV:  9    Int:  7    God:
Gold:   61         SH:  4    Dex: 13    Spells: 3/3 levels left

rFire   . . .      SeeInvis .   a - +0 trident
rCold   . . .      Faith    .   c - +0 buckler
rNeg    . . .      Spirit   .   b - +0 scale mail
rPois   .          Reflect  .   g - +0 helmet
rElec   .          Harm     .   (no cloak)
rCorr   .          Rampage  .   h - +0 pair of gloves
Will    .....                   (no boots)
Stlth   ..........              (no amulet)
HPRegen 0.12/turn               (no ring)
MPRegen 0.09/turn               (no ring)

@: no status effects
A: (nimble swimmer 2), mertail
a: no special abilities


You were on level 2 of the Dungeon.
You visited 1 branch of the dungeon, and saw 2 of its levels.

You collected 61 gold pieces.

Inventory:

Hand Weapons
 a - a +0 trident (weapon)
Armour
 b - a +0 scale mail (worn)
 c - a +0 buckler (worn)
 g - a +0 helmet (worn)
 h - a +0 pair of gloves (worn)
Scrolls
 e - a scroll of noise {unknown}
 f - a scroll of fog
 i - a scroll of identify
Potions
 d - a potion of might


   Skills:
 + Level 3.7 Fighting
 + Level 4.0 Polearms
 + Level 2.5 Armour
 * Level 1.9 Dodging
 + Level 3.2 Shields


You had 3 spell levels left.
You didn't know any spells.
Your spell library was empty.

Dungeon Overview and Level Annotations

Branches:
Dungeon (2/15)

Altars:


Innate Abilities, Weirdness & Mutations

((You are very nimble when in or above water. (Stealth+, EV+, Speed+++)))
Your lower body shifts to a powerful aquatic tail in water.


Message History

A frilled lizard comes into view.
The adder bites you but does no damage.
The frilled lizard hisses angrily.
You hit the adder.
You kill the adder!
You block the gnoll's attack.
The gnoll hits you from afar with a +0 halberd!
Your Polearms skill increases to level 4!
You have reached level 4!
Reach: a) +0 trident
Press: ? - help, Dir - move target, f - gnoll
Aim: a gnoll, wielding a +0 halberd (about 37% to evade your +0 trident)
You reach to attack!
You closely miss the gnoll. The gnoll closely misses you.
Reach: a) +0 trident
Press: ? - help, Dir - move target, f/p - gnoll
Aim: a gnoll, wielding a +0 halberd (about 37% to evade your +0 trident)
You reach to attack!
You puncture the gnoll!
The gnoll is heavily wounded.
The gnoll hits you from afar with a +0 halberd.
Reach: a) +0 trident
Press: ? - help, Dir - move target, f/p - gnoll
Aim: a gnoll, wielding a +0 halberd (heavily wounded, about 37% to evade your +0 trident)
You reach to attack!
You hit the gnoll but do no damage.
The gnoll is heavily wounded.
The gnoll hits you from afar with a +0 halberd.
* * * LOW HITPOINT WARNING * * *
Reach: a) +0 trident
Press: ? - help, Dir - move target, f/p - gnoll
Aim: a gnoll, wielding a +0 halberd (heavily wounded, about 37% to evade your +0 trident)
The frilled lizard is in the way.
You hit the frilled lizard.
You kill the frilled lizard!
The gnoll hits you from afar with a +0 halberd.
* * * LOW HITPOINT WARNING * * *
Reach: a) +0 trident
Press: ? - help, Dir - move target, f/p - gnoll
Aim: a gnoll, wielding a +0 halberd (heavily wounded, about 37% to evade your +0 trident)
You reach to attack!
You hit the gnoll.
The gnoll is almost dead.
The gnoll hits you from afar with a +0 halberd!
You die...

.. ..# #.# #.#
# #.#
#.####.#######
.$......@....#
.##..g†.....#
#.....###>#
#...?.# #.#
.........# #.#
#..#####.# #.#
#. .## #.#.# #
# # #.#.#
...######.#.#


You could see a gnoll.

Vanquished Creatures
  3 adders (D:2)
  2 ball pythons (D:1)
  A bat (D:2)
  An endoplasm (D:2)
  4 giant cockroaches
  3 goblins (D:1)
  2 hobgoblins
  4 jackals (D:2)
  3 quokkas
  2 frilled lizards
  2 kobolds (D:1)
  3 rats (D:1)
30 creatures vanquished.

Notes
Turn   | Place    | Note
-------+----------+-------------------------------------------
     0 | D:1      | zeram the Merfolk Fighter began the quest for the Orb.
     0 | D:1      | Reached XP level 1. HP: 18/18 MP: 1/1
   379 | D:1      | Reached XP level 2. HP: 24/24 MP: 2/2
   564 | D:1      | Reached skill level 1 in Dodging
   979 | D:2      | Found a faded altar of an unknown god.
   989 | D:2      | Reached XP level 3. HP: 10/29 MP: 3/3
  1489 | D:2      | Reached skill level 4 in Polearms
  1489 | D:2      | Reached XP level 4. HP: 14/37 MP: 4/4
  1495 | D:2      | Mangled by a gnoll

Illustrated notes

Levels and vault maps discovered:
D:1:      minmay_arrival_diagonal_passages, layout_loops_corners
D:2:      layout_loops_ring, chequers_ecumenical_altar_island

Skill      XL: |  1  2  3 |
---------------+----------+-----
Dodging        | 1 |  1.9
Polearms       | 4 |  4.0
Fighting       | |  3.7
Armour         | |  2.5
Shields        | |  3.2

Action                   |  1- 3 |  4- 6 || total
-------------------------+-------+-------++-------
Melee: Trident           |    96 |     5 ||   101
  Use: Scroll            |     1 |       ||     1
Armor: Scale mail        |    47 |       ||    47
Dodge: Dodged            |    33 |     1 ||    34
Block: Buckler           |    14 |       ||    14
